Map: Pillars of Gold LE

Players

Leo (LeoRusher)

  • Race: Protoss Protoss
  • League: Grandmaster
  • Spawn Location: 1:00

MissFanta (ThuocLao) - Winner!

  • Race: Protoss Protoss
  • League: Grandmaster
  • Spawn Location: 7:00

Event: DreamHack SC2 Masters 2020 Winter

VOD

Have the link to the VOD?

Description

Time

  • Played on: Oct. 17, 2020, 1:25 a.m.
  • Length: 8:01

All games in this series

Show
View Real Time Build Order
Export as new Build Order

Leo Protoss 

Build Orders:  

Get SALT Encoding   

  12  0:00  Probe  
  13  0:12  Probe  
  14  0:18  Pylon  
  14  0:24  Probe  
  15  0:36  Probe (Chrono Boost)  
  15  0:40  Gateway  
  16  0:45  Probe (Chrono Boost)  
  16  0:48  Assimilator  
  17  0:50  Probe (Chrono Boost)  
  18  0:57  Assimilator  
  18  1:03  Probe (Chrono Boost)  
  19  1:14  Probe (Chrono Boost)  
  19  1:15  Gateway  
  20  1:21  Probe (Chrono Boost)  
  21  1:28  Cybernetics Core  
  21  1:32  Probe  
  22  1:44  Pylon, Probe  
  23  2:01  Warp Gate (Chrono Boost)  
  23  2:05  Stalker x2  
  27  2:13  Gateway  
  27  2:27  Pylon  
  27  2:35  Stalker  
  27  2:36  Stalker  
  31  2:50  Shield Battery  
  31  3:03  Stalker  
  31  3:04  Shield Battery  
  35  3:16  Pylon  
  33  3:35  Stalker x2  
  33  3:41  Stalker  
  39  3:55  Nexus  
  39  4:09  Stalker  
  39  4:13  Stalker  
  38  4:21  Stalker  
  32  4:26  Probe  
  32  4:38  Probe  
  33  4:50  Probe  
  32  5:02  Probe (Chrono Boost)  
  32  5:04  Twilight Council  
  35  5:14  Probe x2 (Chrono Boost)  
  35  5:16  Sentry  
  35  5:19  Sentry  
  39  5:24  Sentry  
  39  5:27  Probe  
  42  5:30  Probe  
  43  5:38  Pylon, Blink (Chrono Boost)  
  43  5:49  Probe  
  44  5:56  Stalker  
  46  5:59  Probe  
  46  6:02  Probe  
  48  6:10  Stalker  
  50  6:12  Probe  
  50  6:16  Probe  
  52  6:25  Probe  
  53  6:26  Stalker  
  50  6:37  Stalker  
  40  6:50  Stalker  
  18  7:08  Zealot  
Show
View Real Time Build Order
Export as new Build Order

MissFanta Protoss - Winner!

Build Orders: Oracle Opening 

Get SALT Encoding   

  12  0:00  Probe  
  13  0:12  Probe  
  14  0:18  Pylon  
  14  0:24  Probe  
  15  0:36  Gateway  
  15  0:39  Probe  
  16  0:46  Assimilator  
  16  0:51  Probe  
  17  0:57  Assimilator  
  17  1:03  Probe (Chrono Boost)  
  18  1:08  Gateway  
  18  1:14  Probe (Chrono Boost)  
  19  1:22  Cybernetics Core  
  19  1:25  Probe  
  20  1:37  Probe (Chrono Boost)  
  20  1:38  Pylon  
  22  1:48  Probe (Chrono Boost)  
  22  1:59  Warp Gate (Chrono Boost), Adept x2  
  26  2:02  Probe  
  27  2:12  Pylon  
  27  2:14  Probe  
  28  2:26  Stargate  
  28  2:35  Stalker  
  30  2:45  Stalker  
  30  2:46  Probe  
  33  2:55  Shield Battery  
  33  2:58  Probe  
  34  3:09  Oracle (Chrono Boost)  
  37  3:17  Shield Battery  
  38  3:28  Shield Battery  
  36  3:42  Oracle  
  39  3:50  Pylon  
  39  3:51  Pylon  
  39  4:05  Pylon  
  39  4:07  Stalker  
  39  4:08  Sentry  
  39  4:27  Robotics Facility  
  39  4:34  Stalker  
  39  4:36  Probe  
  42  4:40  Gateway  
  42  4:41  Stalker  
  44  4:48  Probe  
  45  5:00  Stalker, Probe  
  48  5:08  Stalker  
  48  5:12  Probe  
  51  5:15  Pylon  
  51  5:17  Warp Prism (Chrono Boost)  
  53  5:29  Stalker  
  55  5:40  Stalker  
  57  5:43  Stalker  
  57  5:48  Observer  
  60  5:53  Probe  
  61  6:05  Probe  
  62  6:13  Adept x2  
  62  6:14  Adept  
  68  6:38  Stalker x2  
  47  7:01  Adept x3  
  51  7:12  Immortal  
  49  7:26  Stalker  
  49  7:27  Stalker x2  
Tags
 
Add a new tag
Caveats
  • Supply blocks, unpowered buildings, or Contaminate may cause inaccurate times.
  • Supply counts are checked every 10 seconds.